 Dungeon Crawl Stone Soup version 0.25.1-9-gc5326a611f (webtiles) character file.

Game seed: 12156747915461575476

311774 OdinFK the Slingshot (level 22, -1/158 HPs)
             Began as a Halfling Hunter on Dec 28, 2020.
             Was the Champion of Nemelex Xobeh.
             Slain by an azure jelly (2 damage)
             ... on level 4 of the Pits of Slime on Dec 30, 2020.
             The game lasted 04:42:57 (45711 turns).

OdinFK the Slingshot (Halfling Hunter)             Turns: 45711, Time: 04:43:02

Health: -1/158     AC: 20    Str: 24    XL:     22   Next: 23%
Magic:  34/34      EV: 19    Int:  9    God:    Nemelex Xobeh [******]
Gold:   2844       SH: 26    Dex: 20    Spells: 17/27 levels left

rFire    + + .     SeeInvis +   b - +9 rapier (speed)
rCold    . . .     Gourm    .   R - +5 kite shield of Reasonable the Leaf {rElec rPois rCorr}
rNeg     . . .     Faith    .   M - +5 ring mail {MR+}
rPois    +         Spirit   .   o - +2 helmet {SInv}
rElec    +         Reflect  +   B - +2 cloak {rPois}
rCorr    +         Harm     .   E - +0 pair of gloves of Wesof {rPois rF++ Dex+2}
MR       ++...                  v - +2 pair of boots
Stlth    ++++......             W - amulet of reflection
HPRegen  0.36/turn              K - +4 ring of slaying
MPRegen  0.24/turn              C - +6 ring of strength

@: corroded, studying 2 skills
A: small, mutation resistance 2, weak 1, no potion heal 1
}: 2/15 runes: decaying, gossamer
a: Draw Escape, Draw Destruction, Draw Summoning, Triple Draw, Deal Four, Stack
Five, Renounce Religion


You were on level 4 of the Pits of Slime.
You worshipped Nemelex Xobeh.
Nemelex Xobeh was exalted by your worship.
You were not hungry.

You visited 7 branches of the dungeon, and saw 39 of its levels.
You also visited: Gauntlet.

You collected 4814 gold pieces.
You spent 1970 gold pieces at shops.

Inventory:

Hand Weapons
 a - the +5 hunting sling of Offence {freeze, +Blink rC+ Int+5}
   (You found it on level 10 of the Dungeon)

   It causes projectiles fired from it to freeze those they strike, causing
   extra injury to most foes and up to half again as much damage against
   particularly susceptible opponents.
   They can also slow down cold-blooded creatures.
   It affects your intelligence (+5).
   It protects you from cold.
   It lets you blink.
 b - a +9 rapier of speed (weapon)
 z - a +3 demon blade of flaming
Missiles
 d - 134 sling bullets
 e - 784 stones
 H - 12 curare-tipped darts
 I - 4 silver boomerangs
 J - 64 poisoned darts (quivered)
Armour
 l - a scarf of resistance
 o - a +2 helmet of see invisible (worn)
 v - a +2 pair of boots (worn)
 B - a +2 cloak of poison resistance (worn)
 E - the +0 pair of gloves of Wesof (worn) {rPois rF++ Dex+2}
   (You found it in a Gauntlet)

   It affects your dexterity (+2).
   It greatly protects you from fire.
   It protects you from poison.
 M - a +5 ring mail of magic resistance (worn)
 R - the +5 kite shield of Reasonable the Leaf (worn) {rElec rPois rCorr}
   (You found it on level 8 of the Dungeon)

   It insulates you from electricity.
   It protects you from poison.
   It provides partial protection from all sources of acid and corrosion.
Jewellery
 g - an uncursed ring of flight
 j - an uncursed ring of protection from cold
 C - a +6 ring of strength (right hand)
 K - a +4 ring of slaying (left hand)
 N - an uncursed ring of protection from fire
 P - an uncursed ring of positive energy
 W - an amulet of reflection (around neck)
Wands
 L - a wand of clouds (9)
 S - a wand of iceblast (42)
 V - a wand of paralysis (30)
 Z - a wand of acid (12)
Scrolls
 i - 7 scrolls of identify
 t - 13 scrolls of teleportation
 u - 17 scrolls of remove curse
 x - 6 scrolls of blinking
 y - 5 scrolls of magic mapping
 A - 4 scrolls of immolation
 G - 6 scrolls of fear
 O - 3 scrolls of fog
Potions
 c - 7 potions of curing
 h - 2 potions of haste
 m - 7 potions of might
 n - 7 potions of brilliance
 r - 2 potions of resistance
 s - 9 potions of ambrosia
 w - 6 potions of heal wounds
 D - 9 potions of lignification
 F - a potion of mutation
 Q - 2 potions of cancellation
Books
 q - a manual of Translocations
 X - a manual of Slings
Comestibles
 f - 53 rations


   Skills:
 + Level 15.4 Fighting
 + Level 9.5(9.9) Short Blades
 - Level 3.4(6.2) Long Blades
 + Level 25.1 Slings
 + Level 10.1 Armour
 - Level 8.0 Dodging
 - Level 9.0 Stealth
 + Level 16.6 Shields
 + Level 3.1 Spellcasting
 + Level 11.1 Translocations
 + Level 16.6 Invocations
 - Level 2.0 Evocations


You had 17 spell levels left.
You knew the following spells:

 Your Spells              Type           Power        Failure   Level  Hunger
a - Blink                 Tloc           N/A          1%          2    ###....
b - Lesser Beckoning      Tloc           ###.......   1%          3    ####...
c - Passage of Golubria   Tloc           N/A          7%          4    #####..
d - Apportation           Tloc           ###...       1%          1    ##.....

Your spell library contained the following spells:

 Spells                   Type           Power        Failure   Level  Hunger
 Gell's Gravitas          Tloc           ###.......   1%          3    ####...
 Teleport Other           Tloc           ###.....     1%          3    ####...
 Shroud of Golubria       Chrm/Tloc      ##....       10%         2    ###....
 Recall                   Summ/Tloc      N/A          19%         3    ####...
 Foxfire                  Conj/Fire      #...         54%         1    ##.....
 Magic Dart               Conj           #...         54%         1    ##.....
 Summon Butterflies       Summ           #.......     54%         1    ##.....
 Iskenderun's Mystic Bla  Conj/Tloc      ##......     54%         4    #####..
 Call Imp                 Summ           #.......     67%         2    ###....
 Corpse Rot               Necr/Air       N/A          67%         2    ###....
 Poisonous Vapours        Pois/Air       #.....       67%         2    ###....
 Searing Ray              Conj           #.....       67%         2    ###....
 Slow                     Hex            #.......     67%         2    ###....
 Sublimation of Blood     Necr           #.........   67%         2    ###....
 Confusing Touch          Hex            #.......     88%         3    ####...
 Conjure Flame            Conj/Fire      #.......     88%         3    ####...
 Dazzling Flash           Conj/Hex       #.....       88%         3    ####...
 Mephitic Cloud           Conj/Pois/Air  #.......     88%         3    ####...
 Tukima's Dance           Hex            #.......     88%         3    ####...
 Cause Fear               Hex            #.........   99%         4    #####..
 Dispel Undead            Necr           #.......     99%         4    #####..
 Fulminant Prism          Conj/Hex       #.........   99%         4    #####..
 Ice Form                 Ice/Tmut       #.......     99%         4    #####..
 Petrify                  Tmut/Erth      #.......     99%         4    #####..
 Agony                    Necr           #.......     100%        5    ######.
 Alistair's Intoxication  Tmut/Pois      #.......     100%        5    ######.
 Excruciating Wounds      Chrm/Necr      #.........   100%        5    ######.
 Metabolic Englaciation   Hex/Ice        #.........   100%        5    ######.
 Silence                  Hex/Air        #.........   100%        5    ######.
 Yara's Violent Unravell  Hex/Tmut       #.........   100%        5    ######.
 Freezing Cloud           Conj/Ice/Air   #.........   100%        6    #######
 Invisibility             Hex            #.......     100%        6    #######
 Ozocubu's Refrigeration  Ice            #.........   100%        6    #######
 Simulacrum               Ice/Necr       #.........   100%        6    #######
 Dragon Form              Tmut           #.........   100%        7    #######
 Discord                  Hex            #.........   100%        8    #######
 Dragon's Call            Summ           #.........   100%        9    #######


Dungeon Overview and Level Annotations

Branches:
Dungeon (14/15)            Temple (0/1) D:5            Lair (6/6) D:9
  Swamp (4/4) Lair:3       Spider (4/4) Lair:4        Slime (5/5) Lair:6
    Orc (2/2) D:12            Elf (0/3) Orc:2        Vaults (4/5) D:14
  Crypt (0/3) Vaults:3    Gauntlet (visited)

Altars:
Ashenzari
Cheibriados
Elyvilon
Fedhas
Gozag
Hepliaklqana
Nemelex Xobeh
Okawaru
Qazlal
Ru
Trog
Wu Jian
The Shining One
Beogh
Jiyva

Shops:
D:5 (   D:12 (   Orc:2 *%}?


Innate Abilities, Weirdness & Mutations

You are small and have problems with some larger weapons.
You are somewhat resistant to both further mutation and mutation removal.
You are weak. (Str -2)
Potions are less effective at restoring your health.


Message History

The slime creature barely misses you.
You draw a card...
You have drawn Foxfire.
The azure jelly hits you. The azure jelly freezes you!!!
* * * LOW HITPOINT WARNING * * *
You block the azure jelly's attack. x2; The azure jelly hits you.
* * * LOW HITPOINT WARNING * * *
The acid blob spits acid at you. The splash of acid hits you. You resist.
* * * LOW HITPOINT WARNING * * *
The acid corrodes you!
You are splashed with acid.
You resist.
* * * LOW HITPOINT WARNING * * *
You block the slime creature's attack.
The neqoxec gestures.
The azure jelly hits you.
* * * LOW HITPOINT WARNING * * *
The azure jelly freezes you!!
* * * LOW HITPOINT WARNING * * *
You block the azure jelly's attack. The azure jelly hits you.
You die...
Your body glows with a rainbow of weird colours and disappears.

###.#...............
.......#.............
..........#.....#.#...
...............#.......
...............#..#.....
..#.....................
...##....v............##
. #....5JJR....#.#...#
...#..53.@......#.#.#
...##......J........#
#.# ##.#..vv.......###
## ##
###..........##.##.##
#....#.............#
#..............<..#
##......#.........#
##....#...........#
##....#....#....#.#


You could see an acid blob, an azure jelly, a slime creature, a neqoxec
(summoned), an insubstantial wisp (summoned), an iron imp (summoned), an
ufetubus (summoned), a friendly rakshasa (summoned) and 2 friendly insubstantial
wisps.

Vanquished Creatures
  Nikola (Swamp:3)
  A hellephant (Swamp:2)
  A lich (Vaults:4)
  2 titans (Vaults:4)
  2 sphinxes (Vaults:4)
  3 acid blobs
  Gastronok (Orc:1)
  Kirke (Swamp:2)
  2 azure jellies
  A thorn hunter (Swamp:1)
  5 ghost moths
  4 frost giants
  4 vault wardens
  An orc warlord (Vaults:4)
  A deep elf sorcerer (Vaults:1)
  7 stone giants
  10 ironheart preservers
  A war gargoyle (Vaults:4)
  A vampire knight (Vaults:3)
  4 very ugly things
  Azrael (D:13)
  5 entropy weavers
  A deep elf demonologist (Vaults:4)
  2 deep elf annihilators
  A spark wasp (Spider:4)
  A minotaur (Gauntlet)
  2 dire elephants
  A crystal guardian (Vaults:2)
  4 fire dragons
  3 deep elf death magi (Vaults:1)
  Josephine (Swamp:1)
  6 vault guards (Vaults:4)
  8 yaktaur captains
  A deep elf high priest (Vaults:4)
  Harold (D:9)
  24 hydras
  2 rakshasas
  5 great orbs of eyes
  A catoblepas (Lair:2)
  A shambling mangrove (Swamp:3)
  A ghost crab (Swamp:1)
  24 two-headed ogres
  2 death knights
  An alligator snapping turtle (Vaults:4)
  13 centaur warriors
  10 ogre magi
  A queen ant (Spider:2)
  11 alligators
  A death yak (Spider:2)
  A small abomination (Vaults:4)
  2 vampire magi (Vaults:4)
  Urug (Lair:1)
  3 deep elf knights
  A fire crab (Swamp:4)
  2 fire crabs (shapeshifter)
  4 skeletal warriors
  3 shadow wraiths
  Sonja (D:13)
  6 deep trolls
  3 wizards
  3 unseen horrors
  4 glowing orange brains
  An unseen horror (shapeshifter) (Vaults:1)
  A spriggan druid (Swamp:4)
  9 swamp dragons
  An obsidian statue (D:13)
  8 orc knights
  5 deep elf archers
  3 flayed ghosts
  A harpy (shapeshifter) (Vaults:2)
  5 phantasmal warriors
  4 lindwurms
  An orange crystal statue (D:13)
  9 ironbrand convokers
  2 necromancers
  A faun (shapeshifter) (Vaults:1)
  23 wolf spiders
  16 orb spiders
  An orc sorcerer (Orc:2)
  6 shining eyes
  7 cyclopes
  27 ugly things
  9 deep elf magi
  An oklob plant (Lair:4)
  A guardian serpent (shapeshifter) (D:13)
  7 black mambas
  4 elephants (Lair:2)
  An elephant (shapeshifter) (Vaults:3)
  A water nymph (Spider:4)
  2 stone giant skeletons
  2 molten gargoyles (Lair:6)
  11 vault sentinels
  2 eyes of devastation
  Joseph (D:7)
  3 torpor snails
  A kobold demonologist (D:12)
  8 komodo dragons
  15 spiny frogs
  4 freezing wraiths
  2 minotaur zombies (Gauntlet)
  2 rime drakes (shapeshifter) (Vaults:3)
  13 rime drakes
  17 yaktaurs
  A meliai (D:13)
  2 hellwings (Gauntlet)
  A tengu conjurer (D:13)
  2 human skeletons (Vaults:1)
  9 trolls
  39 jumping spiders
  6 tyrant leeches
  9 demonic crawlers
  3 polar bears
  12 hornets
  12 blink frogs
  2 bog bodies (Swamp:1)
  54 slime creatures
  8 hippogriffs
  A hippogriff (shapeshifter) (Vaults:2)
  4 shadows
  A spriggan (Swamp:1)
  6 wraiths
  3 water elementals (D:14)
  A stone giant simulacrum (Vaults:2)
  A spriggan (shapeshifter) (Vaults:2)
  6 wyverns
  76 redbacks
  46 yaks
  35 tarantellas
  A fire elemental (D:13)
  5 basilisks
  A golden eye (shapeshifter) (Vaults:1)
  5 hogs (Swamp:2)
  9 humans
  9 vampire mosquitoes
  An insubstantial wisp (Lair:6)
  Menkaure (D:6)
  11 steam dragons
  Edmund (D:6)
  4 wargs
  2 acid dragons
  11 swamp worms
  11 soldier ants
  17 water moccasins
  A floating eye (Gauntlet)
  8 hell hounds
  11 porcupines
  4 sky beasts
  15 swamp drakes
  3 ice beasts
  18 orc warriors
  2 black bears
  4 phantoms
  3 eyes of draining
  5 wolves
  A black bear (shapeshifter) (D:14)
  A hornet zombie (D:12)
  A necrophage (D:11)
  A sky beast (shapeshifter) (Vaults:1)
  50 ogres
  3 boggarts (Vaults:1)
  25 centaurs
  15 crocodiles
  2 human zombies (Vaults:4)
  3 big kobolds
  16 bullfrogs
  A wyvern zombie (D:13)
  2 scorpions
  13 killer bees
  2 orc simulacra (Vaults:1)
  2 human simulacra
  A howler monkey (D:5)
  10 wights
  6 electric eels
  6 crimson imps
  3 centaur zombies
  6 lava snakes
  4 bullfrog zombies
  7 orc priests
  Crazy Yiuf (D:4)
  3 centaur skeletons
  4 hounds
  A jelly (D:8)
  A bullfrog skeleton (D:9)
  5 iguanas
  Ijyb (D:4)
  13 orc wizards
  27 worker ants
  A killer bee zombie (D:6)
  3 worker ant zombies
  7 gnolls
  8 adders
  5 shadow imps
  3 oozes
  An adder skeleton (D:7)
  3 worms
  3 dart slugs
  13 leopard geckos
  53 orcs
  A giant cockroach (D:2)
  9 goblins
  7 hobgoblins
  17 jackals
  25 kobolds
  7 quokkas
  4 ball pythons
  8 bats
  6 frilled lizards
  A leopard gecko zombie (D:6)
  7 rats
  A crawling corpse (Vaults:4)
  A plant (Lair:2)
1394 creatures vanquished.

Vanquished Creatures (collateral kills)
  Rupert (Lair:6)
  A thorn hunter (Swamp:4)
  Louise (Swamp:1)
  2 emperor scorpions
  A reaper (Gauntlet)
  An entropy weaver (Spider:2)
  A fire dragon (Swamp:4)
  An ogre mage (Orc:2)
  4 alligators (Swamp:3)
  4 two-headed ogres
  A swamp dragon (Swamp:4)
  A wolf spider (Vaults:4)
  6 elephants (Lair:3)
  2 spiny frogs (Lair:3)
  A queen bee (Lair:3)
  A hippogriff (Lair:5)
  8 humans
  A redback (Spider:4)
  3 yaks (Lair:3)
  A swamp worm (Swamp:3)
  2 soldier ants (Spider:2)
  A porcupine (Lair:3)
  A swamp drake (Swamp:3)
  3 ogres (Orc:2)
  A big kobold (Lair:3)
  A worm (Lair:3)
51 creatures vanquished.

Vanquished Creatures (others)
  Nessos (D:14)
  A lindwurm (Swamp:4)
  A hippogriff (D:14)
  A human (D:14)
  2 swamp worms
  An insubstantial wisp (Lair:6)
  4 swamp drakes (Swamp:4)
  An ogre (Vaults:4)
  2 centaurs (D:13)
  10 fungi
  8 plants
  22 withered plants (Gauntlet)
54 creatures vanquished.

Grand Total: 1499 creatures vanquished

Notes
Turn   | Place    | Note
-------+----------+-------------------------------------------
     0 | D:1      | OdinFK the Halfling Hunter began the quest for the Orb.
     0 | D:1      | Reached XP level 1. HP: 14/14 MP: 1/1
   127 | D:1      | Reached skill level 6 in Slings
   127 | D:1      | Reached XP level 2. HP: 14/19 MP: 2/2
   274 | D:1      | Reached XP level 3. HP: 15/24 MP: 3/3
   836 | D:2      | Reached XP level 4. HP: 30/30 MP: 4/4
   972 | D:2      | Noticed an ogre
   981 | D:2      | Killed an ogre
   981 | D:2      | Reached skill level 7 in Slings
   981 | D:2      | Reached XP level 5. HP: 34/36 MP: 5/5
  1189 | D:2      | Found a white marble altar of Elyvilon.
  1324 | D:2      | Found a bloodstained altar of Trog.
  1356 | D:2      | Reached skill level 8 in Slings
  1933 | D:3      | Reached XP level 6. HP: 41/42 MP: 6/6
  2113 | D:3      | Found an opulent altar of Gozag.
  2113 | D:3      | Found a sparkling altar of Nemelex Xobeh.
  2123 | D:3      | Became a worshipper of Nemelex Xobeh the Trickster
  2354 | D:3      | Upgraded the game from 0.25.1-8-g42b30a86e7 to
                  | 0.25.1-9-gc5326a611f
  2419 | D:4      | Received a gift from Nemelex Xobeh
  2510 | D:4      | Found a stormy altar of Qazlal.
  2571 | D:4      | Noticed Ijyb
  2771 | D:4      | Reached skill level 1 in Invocations
  2815 | D:4      | Noticed a phantom
  2835 | D:4      | Killed a phantom
  2835 | D:4      | Reached XP level 7. HP: 26/47 MP: 6/8
  2959 | D:4      | Found a snail-covered altar of Cheibriados.
  2981 | D:4      | Found an iron altar of Okawaru.
  2995 | D:4      | Reached * piety under Nemelex Xobeh
  3004 | D:4      | Received a gift from Nemelex Xobeh
  3102 | D:4      | Killed Ijyb
  3158 | D:4      | Reached skill level 9 in Slings
  3370 | D:4      | Found a runed translucent door.
  3371 | D:4      | Noticed Crazy Yiuf
  3378 | D:4      | Killed Crazy Yiuf
  3435 | D:5      | Entered Level 5 of the Dungeon
  3555 | D:5      | Reached skill level 1 in Armour
  3555 | D:5      | Reached XP level 8. HP: 41/54 MP: 9/9
  3591 | D:5      | Found a staircase to the Ecumenical Temple.
  3710 | D:5      | Reached skill level 10 in Slings
  3783 | D:5      | Found a hazy altar of Hepliaklqana.
  3845 | D:5      | Reached skill level 1 in Short Blades
  4044 | D:5      | Received a gift from Nemelex Xobeh
  4057 | D:5      | Reached ** piety under Nemelex Xobeh
  4095 | D:5      | Found a stormy altar of Qazlal.
  4247 | D:5      | Found Purog's Weapon Shop.
  4373 | D:6      | Reached skill level 5 in Fighting
  4700 | D:6      | Reached XP level 9. HP: 29/61 MP: 11/11
  4703 | D:6      | Noticed Menkaure
  4704 | D:6      | Killed Menkaure
  4761 | D:6      | Found a sacrificial altar of Ru.
  4799 | D:6      | Reached skill level 11 in Slings
  4965 | D:6      | Noticed Edmund
  4981 | D:6      | Killed Edmund
  5109 | D:7      | Noticed Joseph
  5395 | D:7      | Reached skill level 12 in Slings
  5526 | D:7      | Reached *** piety under Nemelex Xobeh
  5526 | D:7      | Received a gift from Nemelex Xobeh
  5547 | D:7      | Found an ornate altar of the Wu Jian Council.
  5604 | D:7      | Found a glowing golden altar of the Shining One.
  5841 | D:7      | Killed Joseph
  5841 | D:7      | Reached skill level 5 in Dodging
  5906 | D:7      | Found a blossoming altar of Fedhas.
  6011 | D:8      | Received a gift from Nemelex Xobeh
  6024 | D:8      | Found a shattered altar of Ashenzari.
  6056 | D:8      | Reached XP level 10. HP: 69/69 MP: 13/13
  6109 | D:8      | Got an encrusted kite shield
  6115 | D:8      | Identified the +5 kite shield of Reasonable the Leaf {rElec
                  | rPois rCorr} (You found it on level 8 of the Dungeon)
  6131 | D:8      | Reached skill level 1 in Shields
  6220 | D:8      | Received a gift from Nemelex Xobeh
  6363 | D:8      | Received a gift from Nemelex Xobeh
  6397 | D:8      | Reached skill level 5 in Invocations
  6461 | D:8      | Reached **** piety under Nemelex Xobeh
  6537 | D:8      | Received a gift from Nemelex Xobeh
  7141 | D:8      | Killed an unseen horror
  7141 | D:8      | Reached skill level 13 in Slings
  7451 | D:9      | Noticed Harold
  7459 | D:9      | Killed Harold
  7473 | D:9      | Noticed a two-headed ogre
  7521 | D:9      | Killed a two-headed ogre
  7521 | D:9      | Reached skill level 5 in Shields
  7521 | D:9      | Reached XP level 11. HP: 77/77 MP: 16/16
  7722 | D:9      | Received a gift from Nemelex Xobeh
  7723 | D:9      | Found a staircase to the Lair.
  7982 | D:9      | Got an ichor-stained short sword
  7983 | D:9      | Identified the cursed +2 short sword "Egg" {pain, rF++
                  | Int+3} (You found it on level 9 of the Dungeon)
  8113 | D:9      | Reached ***** piety under Nemelex Xobeh
  8427 | Lair:1   | Entered Level 1 of the Lair of Beasts
  8503 | Lair:1   | Received a gift from Nemelex Xobeh
  8868 | Lair:1   | Reached skill level 14 in Slings
  9068 | Lair:1   | Received a gift from Nemelex Xobeh
  9339 | Lair:1   | Noticed Urug
  9355 | Lair:1   | Killed Urug
  9355 | Lair:1   | Reached XP level 12. HP: 83/85 MP: 18/18
  9440 | Lair:2   | Noticed a catoblepas
  9478 | Lair:2   | Noticed a five-headed hydra
  9494 | Lair:2   | Killed a five-headed hydra
  9533 | Lair:2   | Received a gift from Nemelex Xobeh
  9624 | Lair:2   | Killed a catoblepas
  9672 | Lair:2   | Noticed a swamp dragon
  9672 | Lair:2   | an elephant changed into a swamp dragon
  9677 | Lair:2   | a swamp dragon changed into an acid dragon
  9911 | Lair:2   | Noticed an eight-headed hydra
  9920 | Lair:2   | Killed an eight-headed hydra
 10044 | Lair:2   | Received a gift from Nemelex Xobeh
 10051 | Lair:2   | Noticed a five-headed hydra
 10063 | Lair:2   | Killed a five-headed hydra
 10063 | Lair:2   | Reached skill level 5 in Stealth
 10478 | Lair:3   | Noticed a five-headed hydra
 10490 | Lair:3   | Killed a five-headed hydra
 10490 | Lair:3   | Reached skill level 15 in Slings
 10490 | Lair:3   | Reached XP level 13. HP: 50/92 MP: 20/20
 10491 | Lair:3   | Noticed a seven-headed hydra
 10502 | Lair:3   | Noticed an emperor scorpion
 10502 | Lair:3   | a seven-headed hydra changed into an emperor scorpion
 10504 | Lair:3   | Identified the -1 long sword of Calculation {flame, rC+
                  | Dex+5}
 10514 | Lair:3   | Killed an emperor scorpion
 10514 | Lair:3   | Reached skill level 10 in Fighting
 10531 | Lair:3   | Received a gift from Nemelex Xobeh
 10592 | Lair:3   | Found a staircase to the Swamp.
 10612 | Lair:3   | Found a gate leading to a gauntlet.
 10642 | Lair:3   | Reached skill level 10 in Invocations
 10665 | Gauntlet | Entered a Gauntlet
 10665 | Gauntlet | Found a transporter.
 10665 | Gauntlet | Found a transporter.
 10796 | Gauntlet | Found a transporter.
 10796 | Gauntlet | Found a transporter.
 10799 | Gauntlet | Found a transporter.
 10799 | Gauntlet | Found a transporter.
 10809 | Gauntlet | Found a transporter.
 10813 | Gauntlet | Found a transporter.
 10822 | Gauntlet | Noticed a reaper
 10823 | Gauntlet | Found a transporter.
 10852 | Gauntlet | Noticed a seven-headed hydra
 10926 | Gauntlet | Received a gift from Nemelex Xobeh
 10928 | Gauntlet | Found a transporter.
 10929 | Gauntlet | Found a transporter.
 10931 | Gauntlet | Noticed a catoblepas
 10938 | Gauntlet | Found a transporter.
 11015 | Gauntlet | Paralysed by a floating eye for 4 turns
 11062 | Gauntlet | Got a twitching glass ring
 11072 | Gauntlet | Identified the ring "Myggat" {+Blink Int+3 Dex+6 Stlth+}
                  | (You found it in a Gauntlet)
 11212 | Gauntlet | Killed a seven-headed hydra
 11212 | Gauntlet | Reached skill level 1 in Evocations
 11248 | Gauntlet | Learned a level 2 spell: Blink
 11252 | Gauntlet | Learned a level 3 spell: Lesser Beckoning
 11257 | Gauntlet | Learned a level 4 spell: Passage of Golubria
 11323 | Gauntlet | Killed a reaper
 11360 | Gauntlet | Got a pair of jewelled gloves
 11366 | Gauntlet | Identified the +0 pair of gloves of Wesof {rPois rF++
                  | Dex+2} (You found it in a Gauntlet)
 11374 | Gauntlet | Learned a level 1 spell: Apportation
 11545 | Gauntlet | Noticed a minotaur
 11547 | Gauntlet | Noticed a lorocyproca
 11579 | Gauntlet | Killed a minotaur
 11579 | Gauntlet | Reached skill level 1 in Translocations
 11807 | Gauntlet | Identified Sif Muna's Disquisition on the Quantum Birds
 12129 | Lair:3   | Received a gift from Nemelex Xobeh
 12215 | Lair:3   | Got a scorched copper ring
 12217 | Lair:3   | Identified the ring "Lan Lif" {Wiz Str-2 Dex+6} (You found
                  | it on level 3 of the Lair of Beasts)
 12261 | Lair:3   | Noticed a four-headed hydra
 12270 | Lair:3   | Killed a four-headed hydra
 12270 | Lair:3   | Reached skill level 1 in Spellcasting
 12894 | Lair:4   | Received a gift from Nemelex Xobeh
 13129 | Lair:4   | Reached skill level 16 in Slings
 13259 | Lair:4   | Reached XP level 14. HP: 57/99 MP: 20/22
 13269 | Lair:4   | Reached skill level 10 in Shields
 13622 | Lair:4   | Reached skill level 5 in Armour
 13690 | Lair:4   | Found a hole to the Spider Nest.
 14011 | Lair:4   | Reached ****** piety under Nemelex Xobeh
 14049 | Lair:4   | Received a gift from Nemelex Xobeh
 14664 | Lair:5   | Received a gift from Nemelex Xobeh
 15041 | Lair:5   | Received a gift from Nemelex Xobeh
 15084 | Lair:4   | Reached skill level 1 in Long Blades
 15531 | Lair:6   | Entered Level 6 of the Lair of Beasts
 15545 | Lair:6   | Received a gift from Nemelex Xobeh
 15685 | Lair:6   | Found a viscous altar of Jiyva.
 15685 | Lair:6   | Found a staircase to the Slime Pits.
 16073 | Lair:6   | Noticed Rupert
 16179 | Lair:6   | Received a gift from Nemelex Xobeh
 16920 | Lair:6   | Found a large runed translucent door.
 16921 | Lair:6   | Found a large runed translucent door.
 17045 | Lair:6   | Reached XP level 15. HP: 106/107 MP: 23/23
 17085 | Lair:6   | Identified the -1 trident of Equilibrium {pain, +Fly rF-
                  | MR++ Int+4}
 17090 | Lair:6   | Killed Rupert
 17113 | Lair:6   | Received a gift from Nemelex Xobeh
 17477 | Swamp:1  | Entered Level 1 of the Swamp
 17478 | Swamp:1  | Noticed Josephine
 17483 | Swamp:1  | Killed Josephine
 17483 | Swamp:1  | Reached skill level 5 in Translocations
 17494 | Swamp:1  | Noticed a red very ugly thing
 17563 | Lair:3   | Killed a red very ugly thing
 17997 | Swamp:1  | Noticed a thorn hunter
 18005 | Swamp:1  | Killed a thorn hunter
 18119 | Swamp:1  | Received a gift from Nemelex Xobeh
 18241 | Swamp:1  | Identified the +9 hand axe of Eternal War {flame, *Rage
                  | Str+5 Int+4}
 18241 | Swamp:1  | Noticed Louise
 18263 | Swamp:1  | Killed Louise
 18400 | Swamp:1  | Reached skill level 17 in Slings
 19037 | Swamp:2  | Noticed Kirke
 19063 | Swamp:2  | Killed Kirke
 19172 | Swamp:2  | Noticed a tentacled monstrosity
 19411 | Swamp:2  | Noticed a hellephant
 19411 | Swamp:2  | a tentacled monstrosity changed into a hellephant
 19412 | Swamp:2  | Identified the +0 hand axe of a Million Hells {elec, Str+3}
 19417 | Swamp:2  | Killed a hellephant
 20006 | Swamp:3  | Received a gift from Nemelex Xobeh
 20033 | Swamp:3  | Noticed Nikola
 20042 | Swamp:3  | Killed Nikola
 20042 | Swamp:3  | Reached XP level 16. HP: 100/114 MP: 25/25
 20049 | Swamp:3  | Noticed Aizul
 20662 | Swamp:4  | Entered Level 4 of the Swamp
 20764 | Swamp:3  | Noticed Aizul
 20764 | Swamp:3  | Aizul changed into Aizul the eight-headed hydra
 20775 | Swamp:3  | Killed Aizul the four-headed hydra
 20905 | Swamp:4  | Noticed a thorn hunter
 21141 | Swamp:4  | Reached skill level 18 in Slings
 21734 | Swamp:4  | Killed a thorn hunter
 21873 | Swamp:4  | Received a gift from Nemelex Xobeh
 22866 | Swamp:4  | Got a decaying rune of Zot
 23134 | Spider:1 | Entered Level 1 of the Spider Nest
 24160 | Spider:2 | Received a gift from Nemelex Xobeh
 24548 | Spider:2 | Reached XP level 17. HP: 121/122 MP: 27/27
 25195 | Spider:2 | Received a gift from Nemelex Xobeh
 25822 | Spider:2 | Noticed Donald
 25824 | Spider:2 | Noticed Donald
 25824 | Spider:2 | Donald changed into Donald the death yak
 25831 | Spider:2 | Killed Donald the death yak
 26017 | Spider:3 | Reached skill level 19 in Slings
 26325 | Spider:3 | Received a gift from Nemelex Xobeh
 27512 | Spider:4 | Entered Level 4 of the Spider Nest
 27864 | Spider:4 | Received a gift from Nemelex Xobeh
 28786 | Spider:4 | Reached XP level 18. HP: 90/129 MP: 28/28
 29440 | Spider:4 | Got a gossamer rune of Zot
 29455 | Spider:4 | Received a gift from Nemelex Xobeh
 29855 | D:10     | Entered Level 10 of the Dungeon
 30029 | D:10     | Received a gift from Nemelex Xobeh
 30146 | D:10     | Reached skill level 20 in Slings
 30243 | D:10     | Got a faintly glowing hunting sling
 30244 | D:10     | Identified the +5 hunting sling of Offence {freeze, +Blink
                  | rC+ Int+5} (You found it on level 10 of the Dungeon)
 30784 | D:11     | Reached skill level 15 in Invocations
 30847 | D:12     | Received a gift from Nemelex Xobeh
 31131 | D:12     | Received a gift from Nemelex Xobeh
 31461 | D:12     | Found a staircase to the Orcish Mines.
 31463 | D:12     | Found Badets's Weapon Shoppe.
 31554 | Orc:1    | Entered Level 1 of the Orcish Mines
 31554 | Orc:1    | Received a gift from Nemelex Xobeh
 31743 | Orc:2    | Entered Level 2 of the Orcish Mines
 31809 | Orc:1    | Found a roughly hewn altar of Beogh.
 31838 | Orc:1    | Noticed Gastronok
 31864 | Orc:1    | Killed Gastronok
 32092 | Orc:2    | Found a staircase to the Elven Halls.
 32223 | Orc:2    | Received a gift from Nemelex Xobeh
 32344 | Orc:2    | Found Icaucvul's Magic Scroll Shop.
 32344 | Orc:2    | Found Derghuo's Gadget Emporium.
 32345 | Orc:2    | Found Suac's Food Emporium.
 32345 | Orc:2    | Found Yxaihash's General Store.
 32409 | Orc:2    | Bought a scroll of acquirement for 780 gold pieces
 32409 | Orc:2    | Bought a scroll of holy word for 112 gold pieces
 32412 | Orc:2    | Acquired 1180 gold pieces
 32454 | Orc:2    | Bought a scroll of enchant armour for 112 gold pieces
 32454 | Orc:2    | Bought a scroll of teleportation for 45 gold pieces
 32454 | Orc:2    | Bought a scroll of teleportation for 45 gold pieces
 32454 | Orc:2    | Bought a scroll of enchant armour for 112 gold pieces
 32454 | Orc:2    | Bought a scroll of identify for 30 gold pieces
 32454 | Orc:2    | Bought a scroll of identify for 30 gold pieces
 32550 | D:12     | Bought a +6 rapier of speed for 704 gold pieces
 32939 | D:13     | Received a gift from Nemelex Xobeh
 33097 | D:13     | Found an opulent altar of Gozag.
 33270 | D:13     | Noticed Azrael
 33330 | D:13     | Killed Azrael
 33429 | D:13     | Noticed Sonja
 33436 | D:13     | Killed Sonja
 33436 | D:13     | Reached XP level 19. HP: 96/136 MP: 30/30
 33526 | D:13     | Found a runed translucent door.
 33550 | D:13     | Identified the amulet of Free Expression {Acrobat Stlth+}
 33639 | D:13     | Got a vibrating bone ring
 33648 | D:13     | Identified the ring "Okkap" {rF+ rC- Dex+4 SInv Stlth+}
                  | (You found it on level 13 of the Dungeon)
 33985 | D:14     | Found a gate to the Vaults.
 33985 | D:14     | Noticed Nessos
 34317 | D:14     | Killed Nessos
 34529 | D:14     | Received a gift from Nemelex Xobeh
 34961 | D:14     | Reached skill level 5 in Short Blades
 35125 | D:14     | Found a sacrificial altar of Ru.
 35528 | Vaults:1 | Entered Level 1 of the Vaults
 35654 | Vaults:1 | Received a gift from Nemelex Xobeh
 37393 | Vaults:1 | Reached skill level 21 in Slings
 37394 | Vaults:1 | Reached skill level 15 in Shields
 37564 | Vaults:1 | Reached XP level 20. HP: 102/144 MP: 31/31
 38185 | Vaults:1 | Received a gift from Nemelex Xobeh
 38651 | Vaults:1 | Reached skill level 15 in Fighting
 38794 | Vaults:2 | Received a gift from Nemelex Xobeh
 38834 | Vaults:2 | You fall into a shaft and drop 1 floor!
 39483 | Vaults:2 | Acquired a manual of Translocations
 40124 | Vaults:3 | Reached skill level 22 in Slings
 40166 | Vaults:3 | Received a gift from Nemelex Xobeh
 40806 | Vaults:3 | Reached skill level 10 in Translocations
 41051 | Vaults:3 | Paralysed by a vampire knight for 3 turns
 41111 | Vaults:3 | Reached XP level 21. HP: 42/151 MP: 33/33
 41209 | Vaults:3 | Reached skill level 23 in Slings
 41650 | Vaults:3 | Found a staircase to the Crypt.
 41878 | Vaults:4 | Reached skill level 24 in Slings
 42059 | Vaults:4 | Received a gift from Nemelex Xobeh
 43035 | Vaults:4 | Received a gift from Nemelex Xobeh
 44291 | Vaults:4 | Found the +9 staff of Wucad Mu {channel}
 44327 | Vaults:4 | Paralysed by a sphinx for 6 turns
 44423 | Vaults:4 | Got a pitted scale mail
 44434 | Vaults:4 | Identified the +4 scale mail "Yhumn" {-Cast +Blink rF-
                  | Stlth+} (You found it on level 4 of the Vaults)
 44950 | Slime:1  | Entered Level 1 of the Pits of Slime
 44956 | Slime:1  | Reached XP level 22. HP: 157/157 MP: 34/34
 45124 | Slime:1  | Gained mutation: You are frail. (-10% HP) [a shining eye]
 45273 | Slime:3  | Reached skill level 10 in Armour
 45324 | Slime:4  | Reached skill level 25 in Slings
 45514 | Slime:5  | Entered Level 5 of the Pits of Slime
 45530 | Slime:5  | Received a gift from Nemelex Xobeh
 45545 | Slime:5  | Gained mutation: You are weak. (Str -2) [a shining eye]
 45593 | Slime:5  | Lost mutation: You are frail. (-10% HP) [potion of
                  | mutation]
 45593 | Slime:5  | Gained mutation: Potions are less effective at restoring
                  | your health. [potion of mutation]
 45593 | Slime:5  | Gained mutation: You are somewhat resistant to both further
                  | mutation and mutation removal. [potion of mutation]
 45711 | Slime:4  | HP: 1/158 [azure jelly (27)]
 45711 | Slime:4  | Slain by an azure jelly

Illustrated notes

Levels and vault maps discovered:
D:1:      dpeg_arrival_signposts, layout_basic
D:2:      minmay_evil_eye, layout_loops_corners, nicolae_overflow_crystal_walls,
          lightli_temple_of_fire, kennysheep_nondescript
D:3:      layout_loops_ring, grunt_temple_overflow_opulence
D:4:      layout_basic, okawaru_metal_pillars_1_2, kennysheep_mini,
          serial_glass, glass_columns_a, glass_columns_b,
          kennysheep_slug_shrine, uniq_crazy_yiuf_cottage, uniq_ijyb
D:5:      layout_cave_pools, lemuel_crystal_altar, temple_pool_b, first_ration,
          serial_shops, nicolae_shop_window_shopping, eino_curves_03,
          nicolae_qazlal_eye_of_the_storm
D:6:      layout_loops_ring, lemuel_coloured_pillars_altar, uniq_edmund,
          uniq_menkaure
D:7:      layout_basic, kennysheep_mini_moat, marbit_many_paths, tso_metal_star,
          uniq_joseph
D:8:      layout_layer_cave, evilmike_ruin_ashenzari, grunt_pizzeria
D:9:      minmay_recursive_quarters, layout_loops_ring, uniq_harold
D:10:     layout_roguey
D:11:     layout_cave_pools
D:12:     layout_stronghold, orc_david_3, minmay_misc_feat_room
D:13:     layout_roguey, basic_altar, minmay_st_funbox, minmay_more_statues,
          uniq_azrael, uniq_sonja
D:14:     layout_basic, david_vaults_3, nicolae_ru_awakened_eye
Lair:1:   layout_cellular_growth, uniq_urug
Lair:2:   layout_long_grid, minmay_lindwurm_lava, grunt_megastairs_4
Lair:3:   layout_hall_layers, minmay_swamp_entry_reptiles,
          gauntlet_entry_generic, serial_bayou_ford_a, st_stairs_13,
          minivault_24
Lair:4:   layout_regular_city, nicolae_spider_entry_tight_spaces,
          bobbens_dragon_lair_wall, serial_bayou_shore_b
Lair:5:   layout_gridlike
Lair:6:   cheibrodos_lair_end_hotspot, layout_regular_city,
          dpeg_slime_entry_enclosed_altar, pond, uniq_rupert
Swamp:1:  layout_basic_swamp, hangedman_swamp_cone, uniq_josephine, uniq_louise
Swamp:2:  cheibrodos_swamp_monstrosity, layout_basic_swamp,
          evilmike_swamp_ruin_house_2, uniq_kirke
Swamp:3:  layout_basic_swamp, evilmike_swamp_ruin_house_5, uniq_aizul,
          uniq_nikola
Swamp:4:  swamp_fiery, layout_basic_swamp
Spider:1: layout_spider_delve
Spider:2: layout_chambers, minmay_another_anthill, uniq_donald
Spider:3: layout_spider_delve
Spider:4: grunt_spider_rune_parallel
Slime:1:  layout_caves, basic_altar
Slime:2:  layout_caves, cheibrodos_slime_lost_civilization_4
Slime:3:  layout_caves
Slime:4:  layout_caves, uniq_dissolution
Slime:5
Orc:1:    layout_caves, basic_altar, uniq_gastronok
Orc:2:    st_orc_ogre_mass, layout_diamond_mine
Vaults:1: v_pattern_3, nicolae_vaults_twisting_passages, vaults_dpeg_diagonal,
          vaults_dpeg_ring, nicolae_vaults_shelves_hall,
          nicolae_vaults_ninety_degrees, hangedman_vaults_restitches,
          nicolae_vaults_windows_and_doors_thing, nicolae_vaults_triangles,
          vaults_dpeg_hooks, layout_vaults_big_cross
Vaults:2: vaults_standard_mumra_lines, v_misc_25, ontoclasm_vaults_hangar,
          nicolae_vaults_hallways_thing, vaults_room_octagon,
          vaults_room_hangedman_quadrants, hangedman_vaults_stitches,
          ontoclasm_vaults_shuriken, ontoclasm_vaults_hangar,
          layout_vaults_maze_snakey
Vaults:3: vaults_mumra_chevron, hangedman_vaults_nails,
          hangedman_vaults_river_flow, nicolae_vaults_little_squares_4,
          vaults_room_fours, v_misc_2, minmay_crypt_entry_simple_walls,
          nicolae_vaults_asterisk, v_misc_17, hangedman_vaults_corner_blocks,
          layout_vaults_big_room
Vaults:4: v_rooms_4, v_misc_30, st_greater_box_2, nicolae_vaults_puzzle_piece,
          nicolae_vaults_network_periphery, hangedman_vaults_capsules,
          hangedman_vaults_pinch, vaults_dpeg_encased_lava,
          vaults_room_door_ring, ontoclasm_vaults_ligature,
          layout_vaults_omnibox

Skill      XL: |  1  2  3  4  5  6  7  8  9 10 11 12 13 14 15 16 17 18 19 20 21 22 |
---------------+-------------------------------------------------------------------+-----
Fighting       | 2 3 4 5 6 8 9 10 11 12 13 14 15 | 15.4
Slings         | 6 7 8 9 10 12 13 14 15 16 17 18 19 20 21 22 24 25 | 25.1
Dodging        | 3 4 5 6 7 8 |  8.0
Invocations    | 1 2 3 4 7 8 9 10 11 12 13 14 15 16 | 16.6
Armour         | 1 3 4 6 7 8 9 10 | 10.1
Short Blades   | 1 2 3 6 7 9 |  9.5
Stealth        | 2 3 5 6 7 8 9 |  9.0
Shields        | 5 7 8 9 10 11 12 13 14 15 16 | 16.6
Evocations     | 2 |  2.0
Translocations | 3 4 5 6 7 10 11 | 11.1
Spellcasting   | 1 2 3 |  3.1
Long Blades    | 2 3 |  3.4

Action                   |  1- 3 |  4- 6 |  7- 9 | 10-12 | 13-15 | 16-18 | 19-21 | 22-24 || total
-------------------------+-------+-------+-------+-------+-------+-------+-------+-------++-------
Melee: Short sword       |    34 |   107 |    85 |   102 |    47 |       |       |       ||   375
       Falchion          |       |       |    78 |    27 |       |       |       |       ||   105
       Demon blade       |       |       |       |       |   317 |  1148 |       |       ||  1465
       Rapier            |       |       |       |       |       |   164 |  1987 |   191 ||  2342
 Fire: Hunting sling     |    88 |    94 |   282 |   804 |  1613 |  1096 |   650 |    20 ||  4647
Throw: Dart              |       |       |    18 |     9 |     1 |       |     1 |       ||    29
       Stone             |       |       |     2 |       |       |       |       |       ||     2
 Cast: Apportation       |       |       |       |       |     5 |       |       |       ||     5
       Blink             |       |       |       |       |     1 |       |     4 |       ||     5
       Lesser Beckoning  |       |       |       |       |       |       |     3 |       ||     3
Invok: Draw Destruction  |       |       |     6 |    28 |    10 |    19 |    10 |       ||    73
       Draw Summoning    |       |       |       |     1 |     8 |     9 |     2 |     2 ||    22
       Deal Four         |       |       |       |       |    12 |     7 |     3 |       ||    22
       Draw Escape       |       |       |       |       |     1 |     4 |       |       ||     5
  Use: Scroll            |       |     1 |     5 |    12 |    11 |    25 |    10 |       ||    64
       Potion            |       |       |       |     1 |     2 |     3 |       |     1 ||     7
 Stab: Petrified         |       |       |       |       |     1 |     7 |       |       ||     8
       Distracted        |       |       |       |       |     1 |     4 |     2 |       ||     7
       Sleeping          |       |       |       |       |     2 |    18 |    15 |     4 ||    39
       Confused          |       |       |       |       |       |     1 |       |       ||     1
  Eat: Chunk             |       |     6 |    10 |    13 |    20 |    36 |    38 |       ||   123
       Ration            |       |       |       |       |     3 |     2 |       |     1 ||     6
Armor: Leather armour    |     3 |       |       |       |       |       |       |       ||     3
       Scale mail        |    10 |    35 |    54 |       |       |       |       |       ||    99
       Ring mail         |       |       |    11 |    60 |   152 |   370 |   183 |    25 ||   801
Dodge: Dodged            |    50 |    99 |   250 |   201 |   556 |  1136 |   388 |    30 ||  2710
Block: Kite shield       |       |       |       |   323 |  1093 |  2482 |  1427 |   110 ||  5435
       Reflection        |       |       |       |       |    16 |    35 |   137 |     3 ||   191
       Rpst.: Falchion   |       |       |    25 |     6 |       |       |       |       ||    31
       Demon blade       |       |       |       |       |    54 |   172 |       |       ||   226
